 Dungeon Crawl Stone Soup version 0.19-a0-1834-g6b7851e (webtiles) character file.

40138 Lochraine the Black Sun (level 13, -4/98 HPs)
             Began as a Vampire Gladiator on Oct 8, 2016.
             Was a High Priest of Kikubaaqudgha.
             Slain by an ice devil (16 damage)
             ... summoned by an orc high priest
             ... in a bailey.
             The game lasted 02:03:25 (15091 turns).

Lochraine the Black Sun (Vampire Gladiator)        Turns: 15091, Time: 02:03:27

Health: -4/98      AC:  6    Str: 18    XL:     13   Next: 73%
Magic:  0/22       EV: 20    Int: 16    God:    Kikubaaqudgha [*****.]
Gold:   1123       SH:  8    Dex: 16    Spells: 8 memorised, 0 levels left

rFire  + . .     SeeInvis +     K - +5 hand axe (elec)
rCold  . . .     Gourm    .     f - +5 ring mail "Popn" {*Contam +Fly Regen+ Slay+5}
rNeg   + + .     Faith    .     C - +3 buckler
rPois  +         Spirit   .     E - +3 crown of Dyrovepreva {rElec Int+2 SInv}
rElec  +         Dismiss  .     m - +2 cloak
rCorr  .         Reflect  .     (no gloves)
MR     ++++.     Harm     .     o - +0 pair of boots
Stlth  +++.......               (no amulet)
                                R - ring "Qug Nunn" {rPois MR+++ Dex-2}
                                I - ring of Obsession {rF+ rN+ Str+3 Dex+3}

@: corroded, very slightly contaminated
A: fangs 3, see invisible, unbreathing
a: Bat Form, Receive Corpses, Torment, Renounce Religion, Evoke Flight


You were in a bailey.
You worshipped Kikubaaqudgha.
Kikubaaqudgha was extremely pleased with you.
You were not thirsty.

You visited 3 branches of the dungeon, and saw 18 of its levels.
You also visited: Bailey.

You collected 1167 gold pieces.
You spent 44 gold pieces at shops.

Inventory:

Hand Weapons
 a - a +1 long sword of protection
 K - a +5 hand axe of electrocution (weapon)
Armour
 f - the +5 ring mail "Popn" (worn) {*Contam +Fly Regen+ Slay+5}
   (You took it off an orc on level 10 of the Dungeon)

   It affects your accuracy and damage with ranged weapons and melee attacks
   (+5).
   It lets you fly.
   It causes magical contamination when unequipped.
   It increases your rate of regeneration.
 m - a +2 cloak (worn)
 o - a +0 pair of boots (worn)
 B - the +2 ring mail "Acuazi" {Int+4}
   (You found it on level 6 of the Dungeon)

   It affects your intelligence (+4).
 C - a +3 buckler (worn)
 E - the +3 crown of Dyrovepreva (worn) {rElec Int+2 SInv}
   (You found it on level 6 of the Dungeon)

   It affects your intelligence (+2).
   It insulates you from electricity.
   It lets you see invisible.
Jewellery
 j - an uncursed ring of protection from cold
 s - an uncursed ring of fire
 I - the ring of Obsession (left hand) {rF+ rN+ Str+3 Dex+3}
   (You found it on level 9 of the Dungeon)

   [ring of protection from fire]

   It affects your strength (+3).
   It affects your dexterity (+3).
   It protects you from fire.
   It protects you from negative energy.
 N - a +3 ring of evasion
 R - the ring "Qug Nunn" (right hand) {rPois MR+++ Dex-2}
   (You found it on level 2 of the Lair of Beasts)

   [ring of poison resistance]

   It affects your dexterity (-2).
   It protects you from poison.
   It affects your resistance to hostile enchantments.
Wands
 p - a wand of hasting (4/9)
 q - a wand of iceblast (0/15)
 y - a wand of disintegration (12/24)
 D - a wand of slowing (14/48)
 F - a wand of enslavement (2/24)
 H - a wand of confusion (10/48)
 Q - a wand of lightning (0/15)
 S - a wand of iceblast (0/15)
 T - a wand of digging (8/24)
 X - a wand of random effects (14/48)
 Z - a wand of flame (14/48)
Scrolls
 c - 2 scrolls of recharging
 g - 4 scrolls of identify
 h - 4 scrolls of remove curse
 i - a scroll of amnesia {unknown}
 r - 2 scrolls of teleportation
 t - a scroll of magic mapping
 v - a scroll of fog
 z - 4 scrolls of enchant weapon
 W - a scroll of summoning {unknown}
Potions
 b - 2 potions of lignification
 e - 3 potions of blood
 l - 3 potions of magic
 u - 3 potions of ambrosia
 w - a potion of agility
 x - 4 potions of curing
 A - a potion of resistance {unknown}
 G - 5 potions of brilliance
 J - a potion of berserk rage
 P - 2 potions of cancellation {unknown}
 U - a potion of mutation
 V - a potion of might {unknown}
 Y - a potion of flight {unknown}
Books
 k - a book of Flames

   Spells                             Type                      Level
   a - Flame Tongue                   Conjuration/Fire             1
   b - Throw Flame                    Conjuration/Fire             2
   c - Conjure Flame                  Conjuration/Fire             3
   d - Inner Flame                    Hexes/Fire                   3
   e - Sticky Flame                   Conjuration/Fire             4
   f - Fireball                       Conjuration/Fire             5
 n - a book of Air

   Spells                             Type                      Level
   a - Shock                          Conjuration/Air              1
   b - Swiftness                      Charms/Air                   2
   c - Repel Missiles                 Charms/Air                   2
   d - Static Discharge               Conjuration/Air              3
   e - Lightning Bolt                 Conjuration/Air              5
 L - Kikubaaqudgha's Papyrus of Sinister Rituals
   (Kikubaaqudgha gifted it to you on level 8 of the Dungeon)

   Spells                             Type                      Level
   a - Pain                           Necromancy                   1
   b - Corpse Rot                     Necromancy                   2
   c - Sublimation of Blood           Necromancy                   2
   d - Regeneration                   Charms/Necromancy            3
   e - Control Undead                 Necromancy                   4
 O - Kikubaaqudgha's Guide on Stolen Souls
   (Kikubaaqudgha gifted it to you on level 1 of the Lair of Beasts)

   Spells                             Type                      Level
   a - Animate Dead                   Necromancy                   4
   b - Excruciating Wounds            Charms/Necromancy            5
   c - Cigotuvi's Embrace             Necromancy                   5
   d - Dispel Undead                  Necromancy                   5
   e - Death Channel                  Necromancy                   6
Miscellaneous
 M - a phantom mirror


   Skills:
 - Level 8.0 Fighting
 - Level 9.6 Long Blades
 - Level 1.5 Throwing
 - Level 5.1 Armour
 + Level 13.0 Dodging
 - Level 8.1 Stealth
 - Level 4.0 Shields
 - Level 6.1 Spellcasting
 - Level 3.2 Charms
 - Level 13.0 Necromancy


You couldn't memorise any spells.
You knew the following spells:

 Your Spells              Type           Power        Failure   Level  Hunger
a - Corpse Rot            Necr           N/A          1%          2    #......
b - Regeneration          Chrm/Necr      ####......   2%          3    ##.....
c - Control Undead        Necr           #####.....   1%          4    ####...
d - Swiftness             Chrm/Air       ##......     21%         2    #......
e - Animate Dead          Necr           N/A          1%          4    ####...
f - Cigotuvi's Embrace    Necr           #####.....   2%          5    ######.
g - Vampiric Draining     Necr           #####.....   1%          3    ##.....
h - Apportation           Tloc           #.........   24%         1    None


Dungeon Overview and Level Annotations

Branches:
Dungeon (11/15)            Temple (1/1) D:7            Lair (6/6) D:9
  Swamp (0/4) Lair:3       Spider (0/4) Lair:4        Slime (0/5) Lair:6
    Orc (0/2) D:10

Altars:
Ashenzari
Cheibriados
Dithmenos
Elyvilon
Fedhas
Gozag
Hepliaklqana
Kikubaaqudgha
Makhleb
Nemelex Xobeh
Okawaru
Qazlal
Ru
Sif Muna
Trog
Uskayaw
Vehumet
Xom
Yredelemnul
Zin
The Shining One
Beogh
Jiyva

Shops:
D:4 [   D:11 ([*


Innate Abilities, Weirdness & Mutations

You have razor-sharp teeth.
You have supernaturally acute eyesight. (SInv)
You can survive without breathing.


Message History

The rust devil barely misses you. The ice devil hits you!
The ice devil freezes you!
You feel better. The rust devil barely misses you.
The orc high priest hits you but does no damage.
The ice devil hits you. The ice devil freezes you!!
* * * LOW HITPOINT WARNING * * *
Okay, then.
As you read the scroll of fear, it crumbles to dust.
You assume a fearsome visage.
The rust devil is unaffected.
The ice devil is unaffected.
The rust devil is unaffected.
Your orc warrior zombie is unaffected.
Your orc zombie is unaffected.
The hobgoblin looks frightened!
Your gnoll zombie is unaffected. x2
The orc high priest looks frightened!
You block the rust devil's attack.
Your orc warrior zombie hits the rust devil but does no damage.
The ice devil hits you!
* * * LOW HITPOINT WARNING * * *
The ice devil freezes you!
You die...
Kikubaaqudgha rasps: "You have failed me!
Welcome... oblivion!"

#.......# #...∩...#
#.......# #.......#
########.......########
≈≈≈≈≈≈≈.........≈≈≈≈≈≈≈
≈≈≈≈≈≈≈≈≈≈...≈≈≈≈≈≈≈≈≈≈
≈≈≈≈≈≈≈≈≈≈...≈≈≈≈≈≈≈≈≈≈
≈≈≈≈≈≈≈≈≈≈.@Z≈≈≈≈≈≈≈≈≈≈
≈≈≈≈≈≈≈≈≈≈o44≈≈≈≈≈≈≈≈≈≈
######≈≈≈≈Z.Z≈≈≈≈######
#....Z4g....#
#####'''#####
#..'.)...'..#
#..'.))..'..#
#..#..⌠..#..####
.....#.....#.....#


You could see an orc high priest (fleeing), an ice devil, 2 rust devils, a
hobgoblin (fleeing), 2 friendly gnoll zombies, a friendly orc zombie and a
friendly orc warrior zombie.

Vanquished Creatures
  A catoblepas (Lair:6)
  9 death yaks
  An orc high priest (Bailey)
  A cyclops (D:11)
  An elephant (Lair:2)
  7 black mambas
  A gargoyle (D:10)
  3 spiny frogs (Lair:6)
  4 komodo dragons
  A troll (D:10)
  A two-headed ogre (D:10)
  A jumping spider (Lair:4)
  A polar bear (Lair:6)
  A hornet (D:11)
  6 blink frogs
  2 hippogriffs
  2 dream sheep (Lair:6)
  A redback (Lair:4)
  5 orc warriors
  4 basilisks
  2 wyverns
  4 vampire mosquitoes (Lair:3)
  27 yaks
  Grum (D:10)
  A scorpion (D:4)
  5 swamp worms (Lair:6)
  A water moccasin (Lair:6)
  11 porcupines
  2 sky beasts
  A phantom (D:10)
  11 wolves
  3 ogres
  6 centaurs
  17 crocodiles
  7 bullfrogs
  17 killer bees
  4 wights (D:10)
  2 howler monkeys
  2 bullfrog zombies
  4 crimson imps
  5 hounds
  A centaur skeleton (D:9)
  A quasit (D:7)
  7 orc priests
  2 bullfrog skeletons (D:4)
  Jessica (D:2)
  8 iguanas
  Natasha (thrice) (D:2)
  14 orc wizards
  2 hell rats (Lair:6)
  12 worker ants
  A hound skeleton (D:10)
  A worker ant zombie (D:10)
  5 gnolls
  4 adders
  3 river rats (D:9)
  A shadow imp (D:8)
  An ooze (D:4)
  10 worms
  A dart slug (D:2)
  9 leopard geckos
  78 orcs
  8 bats
  3 giant cockroaches
  6 goblins
  4 hobgoblins
  8 jackals
  6 quokkas
  2 ball pythons (D:2)
  2 frilled lizards
  11 kobolds
  2 leopard gecko skeletons
  A quokka zombie (D:5)
  9 rats
413 creatures vanquished.

Vanquished Creatures (collateral kills)
  6 hydras
  2 catoblepae (Lair:6)
  5 death yaks (Lair:6)
  7 elephants
  A gargoyle (D:11)
  4 spiny frogs
  6 komodo dragons
  A queen bee (D:10)
  2 polar bears
  2 dream sheep (Lair:6)
  2 blink frogs (Lair:3)
  3 hippogriffs
  9 yaks
  2 basilisks
  A vampire mosquito (Lair:3)
  6 swamp worms (Lair:6)
  4 water moccasins
  Duvessa (D:4)
  2 porcupines
  An orc warrior (D:10)
  2 wolves
  2 crocodiles
  Dowan (D:4)
  A killer bee (D:10)
  2 jellies
  An orc priest (D:8)
  An orc wizard (D:8)
  2 hell rats (Lair:6)
  A river rat (D:9)
  2 orcs
  A quokka (D:10)
  3 fungi
86 creatures vanquished.

Vanquished Creatures (others)
  An orc warrior (D:10)
  A porcupine (D:9)
  4 fungi
  12 plants
18 creatures vanquished.

Grand Total: 517 creatures vanquished

Notes
Turn   | Place    | Note
-------+----------+-------------------------------------------
     0 | D:1      | Lochraine the Vampire Gladiator began the quest for the Orb.
     0 | D:1      | Reached XP level 1. HP: 16/16 MP: 1/1
    74 | D:1      | Reached XP level 2. HP: 22/22 MP: 2/2
   765 | D:2      | Reached XP level 3. HP: 24/27 MP: 3/3
   951 | D:2      | Noticed Natasha
   960 | D:2      | Killed Natasha
  1072 | D:2      | Noticed Natasha
  1085 | D:2      | Killed Natasha
  1085 | D:2      | Reached skill level 5 in Long Blades
  1085 | D:2      | Reached XP level 4. HP: 28/33 MP: 4/4
  1134 | D:2      | Noticed Natasha
  1144 | D:2      | Killed Natasha
  1174 | D:2      | Noticed Jessica
  1187 | D:2      | Killed Jessica
  1358 | D:3      | Reached XP level 5. HP: 38/38 MP: 5/5
  1953 | D:3      | Reached skill level 5 in Dodging
  2120 | D:4      | Reached XP level 6. HP: 38/44 MP: 6/6
  2381 | D:4      | Found Toitac's Armour Shop.
  2439 | D:4      | Bought a cursed +0 buckler for 16 gold pieces
  2636 | D:4      | Reached skill level 1 in Shields
  2727 | D:4      | Reached XP level 7. HP: 46/49 MP: 7/7
  2774 | D:4      | Noticed Duvessa
  2776 | D:4      | Noticed Dowan
  2787 | D:4      | Killed Dowan
  2789 | D:4      | Killed Duvessa
  3139 | D:5      | Entered Level 5 of the Dungeon
  3487 | D:5      | Reached XP level 8. HP: 60/60 MP: 8/8
  4223 | D:6      | Got a shimmering ring mail
  4224 | D:6      | Identified the +2 ring mail "Acuazi" {Int+4} (You found it on level 6 of the Dungeon)
  4817 | D:7      | Found a staircase to the Ecumenical Temple.
  4822 | Temple   | Entered the Ecumenical Temple
  4913 | Temple   | Became a worshipper of Kikubaaqudgha
  5137 | D:7      | You fall through a shaft for 3 floors!
  5137 | D:10     | Entered Level 10 of the Dungeon
  5426 | D:7      | Found a stormy altar of Qazlal.
  5590 | D:8      | Reached XP level 9. HP: 60/65 MP: 9/9
  5779 | D:8      | Reached * piety under Kikubaaqudgha
  5779 | D:8      | Identified Kikubaaqudgha's Papyrus of Sinister Rituals (Kikubaaqudgha gifted it to you on level 8 of the Dungeon)
  5779 | D:8      | Received a gift from Kikubaaqudgha
  5792 | D:8      | Learned a level 2 spell: Corpse Rot
  6122 | D:8      | Reached skill level 1 in Spellcasting
  6122 | D:8      | Reached skill level 1 in Necromancy
  6810 | D:9      | Learned a level 3 spell: Regeneration
  6866 | D:9      | Reached skill level 1 in Charms
  6866 | D:9      | Reached skill level 5 in Necromancy
  7067 | D:8      | Learned a level 4 spell: Control Undead
  7113 | D:9      | Reached XP level 10. HP: 45/72 MP: 14/14
  7130 | D:9      | Got a shimmering jade ring
  7137 | D:9      | Identified the ring of Obsession {rF+ rN+ Str+3 Dex+3} (You found it on level 9 of the Dungeon)
  7255 | D:9      | Found a staircase to the Lair.
  7289 | D:9      | Reached ** piety under Kikubaaqudgha
  7712 | D:10     | Found a roughly hewn altar of Beogh.
  7776 | D:10     | Got a smoking ring mail
  7778 | D:10     | Identified the +5 ring mail "Popn" {*Contam +Fly Regen+ Slay+5} (You took it off an orc on level 10 of the Dungeon)
  8063 | Lair:1   | Entered Level 1 of the Lair of Beasts
  8412 | Lair:1   | Learned a level 2 spell: Swiftness
  8437 | Lair:1   | Reached skill level 5 in Stealth
  8973 | Lair:1   | Reached *** piety under Kikubaaqudgha
  8973 | Lair:1   | Identified Kikubaaqudgha's Guide on Stolen Souls (Kikubaaqudgha gifted it to you on level 1 of the Lair of Beasts)
  8973 | Lair:1   | Received a gift from Kikubaaqudgha
  8984 | Lair:1   | Learned a level 4 spell: Animate Dead
  8999 | Lair:2   | Noticed a black mamba
  9009 | Lair:2   | Killed a black mamba
  9091 | Lair:2   | Noticed an elephant
  9092 | Lair:2   | Noticed an elephant
  9096 | Lair:2   | Noticed an elephant
  9098 | Lair:2   | Noticed an elephant
  9110 | Lair:2   | Killed an elephant
  9110 | Lair:2   | Reached XP level 11. HP: 54/77 MP: 15/15
  9354 | Lair:2   | You fall through a shaft!
  9535 | Lair:2   | Got a crude tin ring
  9537 | Lair:2   | Identified the ring "Qug Nunn" {rPois MR+++ Dex-2} (You found it on level 2 of the Lair of Beasts)
  9941 | Lair:3   | Reached skill level 5 in Fighting
 10003 | Lair:3   | Found a staircase to the Swamp.
 10061 | Lair:3   | Noticed a seven-headed hydra
 10090 | Lair:3   | Killed a seven-headed hydra
 10191 | Lair:3   | Reached skill level 5 in Spellcasting
 10332 | Lair:3   | Reached **** piety under Kikubaaqudgha
 10364 | Lair:3   | Learned a level 5 spell: Cigotuvi's Embrace
 10705 | Lair:3   | Found a deep blue altar of Sif Muna.
 10955 | Lair:4   | Noticed a four-headed hydra
 10967 | Lair:4   | Killed a five-headed hydra
 11015 | Lair:4   | Noticed a four-headed hydra
 11019 | Lair:4   | Noticed a six-headed hydra
 11023 | Lair:4   | Killed a five-headed hydra
 11031 | Lair:4   | Killed a six-headed hydra
 11229 | Lair:4   | Reached XP level 12. HP: 82/92 MP: 21/21
 11424 | Lair:4   | Found a hole to the Spider Nest.
 11459 | Lair:4   | Reached skill level 1 in Armour
 11983 | Lair:6   | Entered Level 6 of the Lair of Beasts
 12075 | Lair:6   | Reached skill level 5 in Armour
 12207 | Lair:6   | Reached skill level 10 in Necromancy
 12395 | Lair:6   | Noticed an eight-headed hydra
 12408 | Lair:6   | Killed an eight-headed hydra
 12442 | Lair:6   | Noticed a catoblepas
 12456 | Lair:6   | Killed a catoblepas
 12471 | Lair:6   | Noticed a death yak
 12471 | Lair:6   | Noticed a death yak
 12477 | Lair:6   | Noticed a death yak
 12491 | Lair:6   | Noticed a death yak
 12493 | Lair:6   | Noticed a death yak
 12494 | Lair:6   | Noticed a death yak
 12494 | Lair:6   | Killed a death yak
 12495 | Lair:6   | Noticed a death yak
 12504 | Lair:6   | Killed a death yak
 12510 | Lair:6   | Killed a death yak
 12514 | Lair:6   | Killed a death yak
 12540 | Lair:6   | Killed a death yak
 12668 | Lair:6   | Found a staircase to the Slime Pits.
 12669 | Lair:6   | Found a viscous altar of Jiyva.
 12947 | Lair:6   | Noticed a death yak
 12955 | Lair:6   | Noticed a death yak
 13024 | Lair:5   | Killed a death yak
 13024 | Lair:5   | Reached XP level 13. HP: 86/98 MP: 9/22
 13195 | Lair:6   | Learned a level 3 spell: Vampiric Draining
 13308 | Lair:6   | Reached skill level 10 in Dodging
 13584 | Lair:6   | Learned a level 1 spell: Apportation
 13919 | Lair:6   | Identified the Reference Book on Venom and Summoning
 14190 | D:10     | Noticed Grum
 14204 | D:10     | Killed Grum
 14342 | D:10     | Found a staircase to the Orcish Mines.
 14671 | D:10     | Reached ***** piety under Kikubaaqudgha
 14713 | D:10     | Found a glowing silver altar of Zin.
 14820 | D:11     | Found Ufoiliuw's Antique Armour Emporium.
 14837 | D:11     | Found Eliadgh's General Store.
 14857 | D:11     | Bought a scroll of identify for 28 gold pieces
 14902 | D:11     | Found Uliozuath's Antique Weapon Boutique.
 14968 | D:11     | Found a flagged portal.
 14995 | Bailey   | Entered a bailey
 15046 | Bailey   | Found an iron altar of Okawaru.
 15091 | Bailey   | Slain by an ice devil

Vault maps used:
D:1:      scummos_arrival_forest
D:2:      uniq_jessica, uniq_natasha
D:4:      first_bread, serial_shops, shop, kennysheep_generic_room_16,
          uniq_duvessa
D:6:      zaba_anthole, corexii_corridor_pit, minmay_misc_feat_hallway
D:7:      nicolae_qazlal_eye_of_the_storm
D:8:      special_room
D:9:      minmay_lair_entry_grove, hangedman_decor_points
D:10:     erik_orc_3, basic_altar, david_nohive_1, uniq_grum
D:11:     enter_bailey_2, serial_shops, shop, shop, nicolae_shop_trees
Temple:   grunt_wide_crystal_templ
Lair:1:   mumra_transporter_accident
Lair:2:   minmay_stone_trees_small, bh_autumn_forest_stairs
Lair:3:   minmay_swamp_entry_swarm, lemuel_centaur_altar
Lair:4:   spider_nest_entry_funnel_web, grunt_megastairs_2
Lair:5:   infiniplex_staircase_pool_2, grunt_megastairs_3
Lair:6:   evilmike_catoblepas_cave, slime_altar_1, worms_lemuel,
          grunt_megastairs_1
Bailey:   bailey_axe_of_yendor_kennysheep, bailey

Skill      XL: |  1  2  3  4  5  6  7  8  9 10 11 12 13 |
---------------+----------------------------------------+-----
Long Blades    | 4 5 9 |  9.6
Dodging        | 4 5 9 13 | 13.0
Stealth        | 4 8 |  8.1
Shields        | 2 4 |  4.0
Fighting       | 4 8 |  8.0
Spellcasting   | 3 6 |  6.1
Necromancy     | 6 8 9 12 13 | 13.0
Charms         | 3 |  3.2
Armour         | 5 |  5.1
Throwing       | |  1.5

Action                   |  1- 3 |  4- 6 |  7- 9 | 10-12 | 13-15 || total
-------------------------+-------+-------+-------+-------+-------++-------
Melee: Long sword        |    69 |   150 |   508 |   606 |   286 ||  1619
       Bite              |    12 |    17 |    77 |   113 |    88 ||   307
       Dagger            |       |    11 |       |       |       ||    11
       Morningstar       |       |       |    15 |       |       ||    15
       Unarmed           |       |       |       |     4 |       ||     4
       Hand axe          |       |       |       |       |   125 ||   125
Throw: Throwing net      |     1 |     1 |       |       |       ||     2
 Cast: Regeneration      |       |       |     3 |    19 |    13 ||    35
       Corpse Rot        |       |       |     3 |     8 |     3 ||    14
       Animate Dead      |       |       |       |    27 |    21 ||    48
       Control Undead    |       |       |       |     1 |       ||     1
       Cigotuvi's Embrac |       |       |       |     3 |     1 ||     4
       Vampiric Draining |       |       |       |       |     8 ||     8
Invok: Receive Corpses   |       |       |     1 |    18 |     8 ||    27
Evoke: Wand              |       |     1 |    12 |    18 |     6 ||    37
  Use: Scroll            |     2 |     2 |    19 |    10 |    10 ||    43
       Potion            |       |    10 |     1 |     5 |     2 ||    18
 Stab: Sleeping          |       |     1 |     4 |    15 |     3 ||    23
       Held in net/web   |       |     1 |       |       |       ||     1
       Distracted        |       |     1 |     1 |     5 |     5 ||    12
       Petrified         |       |       |       |       |     7 ||     7
  Eat: Corpse            |       |     1 |    22 |    22 |    13 ||    58
Armor: Leather armour    |     7 |       |       |       |       ||     7
       Ring mail         |    15 |    45 |    77 |   174 |   120 ||   431
       Chain mail        |       |    36 |    84 |       |       ||   120
Dodge: Dodged            |    43 |    87 |   248 |   411 |   297 ||  1086
Block: Buckler           |       |    18 |    98 |   163 |   123 ||   402
       Rpst.: Long sword |    14 |    29 |    85 |   116 |    68 ||   312
